 Dungeon Crawl Stone Soup version 0.29.1-4-g47bece8355 (webtiles) character file.

Game seed: 14289981575470469266

5 Descartes the Vexing (level 1, 0/10 HPs)
             Began as a Spriggan Wanderer on Dec 11, 2022.
             Slain by a rat (2 damage)
             ... on level 1 of the Dungeon.
             The game lasted 00:00:41 (512 turns).

Descartes the Vexing (Spriggan Wanderer)             Turns: 512, Time: 00:00:41

Health: 0/10       AC:  2    Str:  9    XL:     1   Next: 66%
Magic:  5/5        EV: 15    Int: 14    God:
Gold:   13         SH:  0    Dex: 12    Spells: 4/5 levels left

rFire   . . .      SeeInvis +   a - +0 dagger
rCold   . . .      Faith    .   (no shield)
rNeg    . . .      Spirit   .   d - +0 robe
rPois   .          Reflect  .   (helmet restricted)
rElec   .          Harm     .   (no cloak)
rCorr   .          Rampage  .   (gloves unavailable)
Will    .....                   (boots unavailable)
Stlth   ++........              (no amulet)
HPRegen 0.03/turn               (no ring)
MPRegen 0.09/turn               (no ring)

@: very quick
A: very small, no large weapons, unfitting armour, see invisible, speed 3
a: no special abilities


You were on level 1 of the Dungeon.
You visited 1 branch of the dungeon, and saw 1 of its levels.

You collected 13 gold pieces.

Inventory:

Hand Weapons
 a - a +0 dagger (weapon)
Armour
 d - a +0 robe (worn)
Scrolls
 e - a scroll of teleportation
Potions
 c - a potion of heal wounds
Miscellaneous
 b - a piece from Xom's chessboard (15/15)


   Skills:
 - Level 1.0 Fighting
 + Level 0.5 Dodging
 + Level 1.9 Stealth
 + Level 2.8 Spellcasting
 + Level 6.1 Hexes
 + Level 1.6 Evocations


You had 4 spell levels left.
You knew the following spells:

 Your Spells              Type           Power      Damage    Failure   Level
a - Slow                  Hex            76%        N/A       1%          1

Your spell library contained the following spells:

 Spells                   Type           Power      Damage    Failure   Level
 Ensorcelled Hibernation  Hex/Ice        20%        N/A       10%         2
 Inner Flame              Hex/Fire       10%        N/A       19%         3


Dungeon Overview and Level Annotations

Branches:
Dungeon (1/15)

Altars:


Innate Abilities, Weirdness & Mutations

You are very small and have problems with some larger weapons.
You are too small for most types of armour.
You have supernaturally acute eyesight. (SInv)
You cover ground extremely quickly. (Speed+++)


Message History

A quokka is nearby!
You closely miss the quokka.
The quokka is almost dead.
The quokka closely misses you.
You barely miss the quokka.
The quokka is almost dead.
The quokka bites you.
* * * LOW HITPOINT WARNING * * *
You barely miss the quokka.
The quokka is almost dead.
The quokka misses you.
You hit the quokka but do no damage.
The quokka is almost dead.
The quokka closely misses you.
You hit the quokka.
You kill the quokka!
A bat comes into view.
Found 15 gold pieces.
A kobold and a rat come into view.
The kobold shouts!
A bat comes into view.
The kobold moves out of view.
A jackal comes into view.
The jackal barks!
You hit the kobold but do no damage.
You hear a bark! x3
The bat hits you but does no damage. x2; The kobold hits you with a +0 dagger.
You hit the kobold.
The kobold is severely wounded.
The bat misses you. The bat closely misses you. The bat hits you.
A jackal comes into view.
The kobold hits you with a +0 dagger.
* * * LOW HITPOINT WARNING * * *
A jackal comes into view.
You barely miss the kobold.
The kobold is severely wounded.
The bat closely misses you.
A jackal comes into view.
The rat bites you.
You die...

# #.#h## #### #h#.h. ..#
......###.#
........#.##############
........................
.....h..#.##############
......r.#.#####
......K@......#
......b#.b.$..#
.#####.#......#
#.##.#....# #### ..
.......# ... .. .......#
#. ... ........ #. ...
......# #####. ......


You could see 4 jackals, 2 bats, a kobold and a rat.

Vanquished Creatures
  A giant cockroach (D:1)
  A hobgoblin (D:1)
  2 quokkas (D:1)
4 creatures vanquished.

Notes
Turn   | Place    | Note
-------+----------+-------------------------------------------
     0 | D:1      | Descartes the Spriggan Wanderer began the quest for the
                  | Orb.
     0 | D:1      | Descartes set off with the following items: a +0 dagger, a
                  | piece from Xom's chessboard (15/15), a potion of heal
                  | wounds, a +0 robe, a scroll of teleportation; and the
                  | following spell memorised: Slow; and the following spells
                  | available to memorise: Ensorcelled Hibernation, Inner
                  | Flame.
     0 | D:1      | Reached XP level 1. HP: 10/10 MP: 5/5
   512 | D:1      | Slain by a rat

Illustrated notes

Levels and vault maps discovered:
D:1:      dpeg_arrival_pits, layout_basic, wander_ebering_terrifying_dragon_lair

Action                   || total
-------------------------++-------
Melee: Dagger            ||    43
Armor: Robe              ||     3
Dodge: Dodged            ||    45
